 Dungeon Crawl Stone Soup version 0.29-a0-876-gfc89b1a5bd (webtiles) character file.

Game seed: 3519722942009004028

281058 hquester1 the Warrior (level 19, -2/187 HPs)
             Began as a Minotaur Fighter on July 19, 2022.
             Was the Champion of Okawaru.
             Killed from afar by an ironbound thunderhulk (35 damage)
             ... with a bolt of lightning
             ... on level 1 of the Vaults.
             The game lasted 03:21:58 (43829 turns).

hquester1 the Warrior (Minotaur Fighter)           Turns: 43829, Time: 03:21:58

Health: -2/187     AC: 31    Str: 26    XL:     19   Next: 70%
Magic:  21/21      EV: 20    Int:  5    God:    Okawaru [******]
Gold:   3003       SH: 25    Dex: 13    Spells: 18/18 levels left

rFire   . . .      SeeInvis .   O - +5 broad axe (vamp)
rCold   + . .      Faith    .   P - +1 tower shield
rNeg    . . .      Spirit   .   Q - +3 plate armour of the Land of Plenty {+Blink}
rPois   .          Reflect  +   W - +2 hat {Will+}
rElec   .          Harm     .   y - +1 cloak of Starlight {*Dazzle EV+4 Stlth--}
rCorr   .          Rampage  .   L - +1 pair of gloves "Cyuc" {Fly}
Will    +++..                   u - +2 pair of boots of the Breadfruit {Will+}
Stlth   ..........              V - amulet of reflection
HPRegen 0.41/turn               f - +4 ring of evasion
MPRegen 0.17/turn               t - +4 ring of slaying

@: flying, studying 3 skills
A: horns 2, retaliatory headbutt, cold resistance 1, low MP 2
}: 2/15 runes: barnacled, gossamer
a: Renounce Religion, Evoke Blink, Heroism, Finesse, Duel


You were on level 1 of the Vaults.
You worshipped Okawaru.
Okawaru was exalted by your worship.
You visited 8 branches of the dungeon, and saw 35 of its levels.
You visited 1 bazaar.
You also visited: Ossuary and Ice Cave.

You collected 4979 gold pieces.
You spent 1976 gold pieces at shops.

Inventory:

Hand Weapons
 x - a +2 vorpal morningstar
 O - a +5 vampiric broad axe (weapon)
 T - the +8 autumn katana {vorpal, manifold assault}
   (You took it off a deep elf elementalist on level 3 of the Elven Halls)

   It sometimes launches melee attacks against multiple visible enemies.
Armour
 u - the +2 pair of boots of the Breadfruit (worn) {Will+}
   (Okawaru gifted it to you on level 13 of the Dungeon)

   Will:      It increases your willpower.
 y - the +1 cloak of Starlight (worn) {*Dazzle EV+4 Stlth--}
   (Okawaru gifted it to you on level 1 of the Lair of Beasts)

   It may blind those who miss an attack against the wearer in melee combat.
   EV:        It affects your evasion (+4).
   Stlth:     It makes you much less stealthy.
 L - the +1 pair of gloves "Cyuc" (worn) {Fly}
   (Okawaru gifted it to you on level 11 of the Dungeon)

   Fly:       It grants you flight.
 P - a +1 tower shield (worn)
 Q - the +3 plate armour of the Land of Plenty (worn) {+Blink}
   (Okawaru gifted it to you on level 14 of the Dungeon)

   +Blink:    It lets you blink.
 W - a +2 hat of willpower (worn)
Jewellery
 f - a +4 ring of evasion (left hand)
 t - a +4 ring of slaying (right hand)
 V - an amulet of reflection (around neck)
Wands
 l - a wand of paralysis (7)
 m - a wand of polymorph (11)
 p - a wand of flame (38)
 r - a wand of mindburst (28)
 B - a wand of iceblast (13)
 F - a wand of quicksilver (19)
 S - a wand of digging (5)
Scrolls
 a - a scroll of poison
 j - 2 scrolls of magic mapping
 k - 7 scrolls of teleportation
 n - a scroll of brand weapon
 o - 2 scrolls of blinking
 q - 11 scrolls of fear
 H - a scroll of silence
 M - 5 scrolls of immolation
 N - a scroll of fog
Potions
 b - 11 potions of lignification
 d - 8 potions of might
 e - 7 potions of mutation
 g - 8 potions of attraction
 h - 3 potions of invisibility
 i - 6 potions of cancellation
 z - 9 potions of curing
 A - a potion of heal wounds
 C - 3 potions of berserk rage
 D - 4 potions of resistance
 E - 5 potions of haste
 I - 5 potions of ambrosia
Miscellaneous
 s - a lightning rod (4/4)
 K - a condenser vane
 Y - a tin of tremorstones (2/2)


   Skills:
 + Level 20.7 Fighting
 + Level 3.0(3.4) Short Blades
 * Level 2.6(3.4) Long Blades
 - Level 15.5(18.4) Axes
 - Level 15.1(17.7) Maces & Flails
 - Level 6.7(12.0) Polearms
 + Level 16.7 Armour
 + Level 15.1 Dodging
 + Level 16.8 Shields
 - Level 11.7 Invocations
 - Level 11.0 Evocations


You had 18 spell levels left.
You didn't know any spells.
Your spell library contained the following spells:

 Spells                   Type           Power      Damage    Failure   Level
 Apportation              Tloc           0%         N/A       100%        1
 Beastly Appendage        Tmut           0%         N/A       100%        1
 Foxfire                  Conj/Fire      0%         2x1d4     100%        1
 Magic Dart               Conj           0%         1d3       100%        1
 Necrotise                Necr           0%         1d4       100%        1
 Sandblast                Erth           0%         2d4       100%        1
 Sting                    Tmut/Pois      0%         1d3       100%        1
 Passwall                 Tmut/Erth      0%         N/A       100%        2
 Poisonous Vapours        Pois/Air       0%         N/A       100%        2
 Searing Ray              Conj           0%         2d4       100%        2
 Wereblood                Tmut           0%         N/A       100%        2
 Conjure Flame            Conj/Fire      0%         6-21      100%        3
 Dazzling Flash           Conj/Hex       0%         N/A       100%        3
 Frozen Ramparts          Ice            0%         1d2       100%        3
 Gell's Gravitas          Tloc           0%         N/A       100%        3
 Ignite Poison            Fire/Tmut/Pois 0%         N/A       100%        3
 Inner Flame              Hex/Fire       0%         N/A       100%        3
 Lesser Beckoning         Tloc           0%         N/A       100%        3
 Mephitic Cloud           Conj/Pois/Air  0%         N/A       100%        3
 Ozocubu's Armour         Ice            0%         N/A       100%        3
 Spider Form              Tmut/Pois      0%         N/A       100%        3
 Stone Arrow              Conj/Erth      0%         3d7       100%        3
 Teleport Other           Tloc           0%         N/A       100%        3
 Vampiric Draining        Necr           0%         2d6       100%        3
 Cause Fear               Hex            0%         N/A       100%        4
 Corpse Rot               Necr/Pois/Air  0%         N/A       100%        4
 Flame Wave               Conj/Fire      0%         2d4       100%        4
 Fulminant Prism          Conj/Hex       0%         3d6       100%        4
 Hailstorm                Conj/Ice       0%         3d3       100%        4
 Ice Form                 Ice/Tmut       0%         N/A       100%        4
 Olgreb's Toxic Radiance  Pois           0%         N/A       100%        4
 Petrify                  Tmut/Erth      0%         N/A       100%        4
 Sticky Flame             Conj/Fire      0%         2d3       100%        4
 Agony                    Necr           0%         N/A       100%        5
 Alistair's Intoxication  Tmut/Pois      0%         N/A       100%        5
 Blade Hands              Tmut           0%         N/A       100%        5
 Borgnjor's Vile Clutch   Necr/Erth      0%         N/A       100%        5
 Fireball                 Conj/Fire      0%         3d3       100%        5
 Freezing Cloud           Conj/Ice/Air   0%         6-21      100%        5
 Irradiate                Conj/Tmut      0%         3d11      100%        5
 Metabolic Englaciation   Hex/Ice        0%         N/A       100%        5
 Silence                  Hex/Air        0%         N/A       100%        5
 Eringya's Noxious Bog    Tmut/Pois      0%         N/A       100%        6
 Starburst                Conj/Fire      0%         6d3       100%        6
 Statue Form              Tmut/Erth      0%         N/A       100%        6
 Dragon Form              Tmut           0%         N/A       100%        7
 Ozocubu's Refrigeration  Ice            0%         4d5       100%        7
 Borgnjor's Revivificati  Necr           0%         N/A       100%        8
 Ignition                 Fire           0%         3d3       100%        8
 Necromutation            Tmut/Necr      0%         N/A       100%        8
 Death's Door             Necr           0%         N/A       100%        9
 Fire Storm               Conj/Fire      0%         5d1       100%        9
 Summon Small Mammal      Summ           Unusable   N/A       N/A         1
 Animate Armour           Summ/Erth      Unusable   N/A       N/A         4
 Simulacrum               Ice/Necr       Unusable   N/A       N/A         6
 Dragon's Call            Summ           Unusable   N/A       N/A         9

Dungeon Overview and Level Annotations

Branches:
Dungeon (15/15)            Temple (1/1) D:5            Lair (5/5) D:8
 Shoals (4/4) Lair:2       Spider (4/4) Lair:3        Slime (0/5) Lair:4
    Orc (2/2) D:12            Elf (3/3) Orc:2        Vaults (1/5) D:14
 Depths (0/4) D:15        Ossuary (visited)           IceCv (visited)

Altars:
Ashenzari
Cheibriados
Dithmenos
Elyvilon
Fedhas
Gozag
Hepliaklqana
Kikubaaqudgha
Makhleb
Nemelex Xobeh
Okawaru
Qazlal
Ru
Sif Muna
Trog
Uskayaw
Vehumet
Wu Jian
Xom
Yredelemnul
Zin
The Shining One
Lugonu

Shops:
D:1 [   D:15 *=   Orc:1 =   Orc:2 (?:?   Elf:2 *?   Elf:3 :=:   Vaults:1 *

Portals:
Abyss: Lair:5
Pandemonium: Orc:2
Trove: D:11 (give +6 demon blade)

Annotations:
D:13 2 transporters, Tuopn's ghost, journeyman OpFE


Innate Abilities, Weirdness & Mutations

You have a pair of horns on your head.
You reflexively headbutt those who attack you in melee.
Your flesh is cold resistant. (rC+)
Your magical capacity is very low. (-20% MP)


Message History

You slice the vault warden!!
You feel better.
Your headbutt misses the vault warden.
The vault warden is severely wounded.
Electricity crackles from the ironbound thunderhulk's apparatus.
The bolt of lightning hits you!!!
* * * LOW HITPOINT WARNING * * *
You block the vault warden's attack.
You slice the vault warden like a ripe choko!!!
You kill the vault warden!
Okawaru accepts your kill.
Your Short Blades skill increases to level 3!
Unknown command.
Items here: )) ? [[[ ††.
You slice the ironbound thunderhulk!!
You feel better.
The ironbound thunderhulk is moderately wounded.
You block the ironbound thunderhulk's attack.
You slash the ironbound thunderhulk! You headbutt the ironbound thunderhulk!
The ironbound thunderhulk is severely wounded.
You closely miss the ironbound thunderhulk.
The ironbound thunderhulk is severely wounded.
The ironbound thunderhulk hits you with a +0 dire flail.
* * * LOW HITPOINT WARNING * * *
You closely miss the ironbound thunderhulk.
The ironbound thunderhulk is severely wounded.
You slice the ironbound thunderhulk!!
The ironbound thunderhulk is almost dead.
Strange energies crackle from the ironbound thunderhulk's apparatus.
The ironbound thunderhulk blinks!
There is a broken door, spattered with blood here.
Things that are here:
a +0 battleaxe; a +0 plate armour Electricity crackles from the ironbound thunderhulk's apparatus.
The bolt of lightning misses you.
Strange energies crackle from the ironbound thunderhulk's apparatus.
The ironbound thunderhulk blinks!
Strange energies crackle from the ironbound thunderhulk's apparatus.
The ironbound thunderhulk blinks!
Electricity crackles from the ironbound thunderhulk's apparatus.
The bolt of lightning hits you!!
You die...

##'####### #######...#
...## #...# ....##
#...# .....## ########
#...# .#....## #......#
#...# ###....###
#####......# #...#
##...+.# ..#.#......#
#...#
#....#.##.##[)......#
#...#
#....##.......#@>....#
#...#
.....###.).....#......#
#...# ....##
#.......#.....O# #...#
...# #.##.##.#......#
#...# ###
#.#...#.#§.....# #...#
#########......# #...#
######+######...#
..........# ..........#


You could see an ironbound thunderhulk.

Vanquished Creatures
  Saint Roka (Orc:2)
  Rupert (Lair:4)
  The ghost of Foghituj the Brawler, an adept TrMo of Trog (Shoals:3)
  2 deep elf master archers (Elf:3)
  2 deep elf blademasters (Elf:3)
  A kraken (Shoals:2)
  Agnes (D:14)
  Roxanne (Shoals:3)
  A fenstrider witch (shapeshifter) (Elf:2)
  Ilsuiw (Shoals:4)
  2 azure jellies (Elf:2)
  5 deep elf sorcerers (Elf:3)
  Aizul (Shoals:2)
  2 vault wardens (Vaults:1)
  2 emperor scorpions
  3 ghost moths
  An ironbound preserver (Vaults:1)
  A deep elf elementalist (Elf:3)
  A war gargoyle (Vaults:1)
  7 broodmothers
  3 very ugly things
  An ironbound thunderhulk (Vaults:1)
  7 deep elf demonologists (Elf:3)
  5 deep elf annihilators (Elf:3)
  3 dire elephants (Vaults:1)
  3 spark wasps
  5 entropy weavers
  A crystal guardian (Vaults:1)
  6 merfolk impalers
  8 deep elf death magi (Elf:3)
  6 merfolk javelineers
  A fire dragon (Elf:2)
  A great orb of eyes (Vaults:1)
  4 deep elf high priests (Elf:3)
  8 hydras
  8 vault guards (D:14)
  3 caustic shrike simulacra (IceCv)
  Erolcha (D:11)
  3 demonspawn (Orc:2)
  The ghost of Cecillian the Skirmisher, a journeyman FoHu of Gozag (D:9)
  A rakshasa (D:13)
  A peacekeeper (Vaults:1)
  5 boulder beetles
  A radroach (Spider:3)
  A death knight (D:15)
  2 ice dragons (D:15)
  An ironbound frostheart (Vaults:1)
  2 merfolk avatars
  3 centaur warriors
  2 catoblepae
  4 satyrs
  7 merfolk aquamancers
  5 two-headed ogres
  2 tengu warriors (D:14)
  19 dancing weapons
  5 orc high priests (Orc:2)
  4 death yaks (Lair:4)
  3 thrashing horrors (Lair:5)
  12 deep elf knights
  A soul eater (Orc:2)
  A fire crab (Elf:2)
  A death drake (Elf:2)
  5 pharaoh ants
  2 skeletal warriors (D:15)
  3 sun moths
  Lodul (D:10)
  4 deep trolls (Vaults:1)
  10 sea snakes
  5 orb spiders
  8 deep elf archers
  4 steelbarb worms
  A lindwurm (Elf:2)
  2 orange crystal statues (IceCv)
  A wizard (Vaults:1)
  7 orc knights
  2 ironbound convokers (Vaults:1)
  A wolf spider zombie (D:15)
  18 deep elf pyromancers
  The ghost of peepos the Fighter, a novice MiBe of Trog (D:6)
  18 deep elf zephyrmancers
  13 wolf spiders
  A mana viper (Elf:2)
  15 harpies
  4 cyclopes
  26 ugly things
  18 fauns
  12 manticores
  13 orc sorcerers
  4 elephants (Lair:3)
  4 moths of wrath
  Maurice (D:9)
  A rust devil (Orc:2)
  8 black mambas
  11 merfolk sirens
  3 smoke demons (Lair:5)
  2 gargoyles
  A molten gargoyle (Elf:2)
  2 torpor snails
  2 centaur zombies (D:15)
  11 water nymphs
  A vault sentinel (Vaults:1)
  2 ice statues (Elf:2)
  8 cane toads
  3 demonic crawlers
  A rime drake (shapeshifter) (D:15)
  An efreet (D:14)
  2 tengu conjurers (D:13)
  9 komodo dragons
  3 kobold demonologists
  3 freezing wraiths (IceCv)
  3 anaconda simulacra
  3 red devils (Orc:2)
  2 ancient zymes (Lair:5)
  A golden dragon simulacrum (IceCv)
  4 polar bears
  12 trolls
  2 hornets (Elf:2)
  3 wind drakes (shapeshifter) (Lair:5)
  26 merfolk
  25 tarantellas
  5 wind drakes
  26 blink frogs
  3 slime creatures (D:13)
  9 dream sheep
  3 large abominations (Lair:5)
  11 snapping turtles
  30 jumping spiders
  22 culicivoras
  3 dire elephant simulacra (IceCv)
  2 air elementals (Elf:3)
  A vampire (D:12)
  A spriggan (Lair:5)
  4 shadows
  4 wraiths
  42 yaks
  6 wyverns
  2 ynoxinuls (Lair:5)
  7 water elementals
  An unseen horror simulacrum (D:6)
  6 fire elementals
  A hog (Elf:2)
  11 basilisks
  48 redbacks
  A steam dragon (D:9)
  2 harpy simulacra (IceCv)
  2 wargs
  An acid dragon (D:12)
  7 hydra simulacra
  15 water moccasins
  9 small abominations (Lair:5)
  2 ice beasts
  17 ogres
  3 alligator simulacra (IceCv)
  47 orc warriors
  3 ettin simulacra (IceCv)
  A black mamba simulacrum (Elf:2)
  A black bear (D:6)
  3 sky beasts
  3 wolves (Lair:1)
  6 centaurs
  9 kobold brigands
  11 bullfrogs
  2 gnoll sergeants
  A necrophage (D:5)
  An earth elemental (Elf:2)
  2 scorpions (D:6)
  4 wights (D:8)
  A water moccasin skeleton (Ossuary)
  An elephant simulacrum (Elf:2)
  A lindwurm simulacrum (IceCv)
  3 killer bees (D:9)
  8 howler monkeys
  A vampire bat (Elf:2)
  2 lava snakes (Elf:2)
  A crimson imp (D:6)
  A gnoll bouda (D:6)
  4 hounds
  4 jellies
  15 orc priests
  Jessica (D:2)
  A boggart zombie (D:15)
  20 hell rats
  3 iguanas
  20 orc wizards
  A killer bee zombie (Ossuary)
  3 centaur simulacra (D:6)
  An ice beast zombie (Ossuary)
  A spectral howler monkey (D:6)
  9 mummies
  Robin (D:2)
  31 gnolls
  A gnoll zombie (Ossuary)
  23 adders
  25 river rats
  2 gnoll skeletons (Ossuary)
  2 shadow imps
  3 white imps
  5 ufetubi
  2 iguana skeletons (Ossuary)
  5 dart slugs
  72 orcs
  8 ball pythons
  14 endoplasms
  2 giant cockroaches
  14 goblins
  10 hobgoblins
  17 kobolds
  8 quokkas
  9 bats
  3 frilled lizards
  4 hobgoblin zombies (Ossuary)
  3 kobold zombies
  4 orc zombies
  15 rats
  A tentacle (Shoals:2)
1344 creatures vanquished.

Vanquished Creatures (others)
  Asterion (Elf:2)
  A deep elf knight (Elf:1)
  A deep elf pyromancer (Elf:2)
  A deep elf zephyrmancer (Elf:2)
  A molten gargoyle (Elf:2)
  A water nymph (Shoals:4)
  An unseen horror (D:13)
  A fire elemental (Elf:2)
  An orc warrior (D:15)
  3 troll simulacra (Elf:2)
  An orc (Orc:2)
  A bush (D:6)
  21 fungi
  268 plants
  11 tentacles (Shoals:2)
  9 withered plants
323 creatures vanquished.

Grand Total: 1667 creatures vanquished

Notes
Turn   | Place    | Note
-------+----------+-------------------------------------------
     0 | D:1      | hquester1 the Minotaur Fighter began the quest for the Orb.
     0 | D:1      | Reached XP level 1. HP: 19/19 MP: 0/0
   225 | D:1      | Reached XP level 2. HP: 27/27 MP: 1/1
   594 | D:1      | Found Civaah's Antique Armour Shop.
   605 | D:1      | Reached skill level 1 in Dodging
   910 | D:1      | Reached skill level 4 in Fighting
   994 | D:1      | Reached XP level 3. HP: 33/33 MP: 2/2
  1251 | D:2      | Noticed Robin
  1253 | D:2      | Noticed Jessica
  1258 | D:2      | Killed Robin
  1262 | D:2      | Killed Jessica
  1263 | D:2      | Reached XP level 4. HP: 4/40 MP: 3/3
  2057 | D:2      | Reached XP level 5. HP: 47/47 MP: 4/4
  2214 | D:2      | Found a faded altar of an unknown god.
  2458 | D:3      | Found a broken altar of Ashenzari.
  2929 | D:4      | Found a shimmering blue altar of Sif Muna.
  2929 | D:4      | Found a hazy altar of Hepliaklqana.
  2930 | D:4      | Found a glowing silver altar of Zin.
  3174 | D:4      | Reached XP level 6. HP: 43/55 MP: 5/5
  3192 | D:4      | Reached skill level 5 in Fighting
  3192 | D:4      | Reached skill level 5 in Shields
  3198 | D:4      | Found a sand-covered staircase.
  3203 | Ossuary  | Entered an ossuary
  3218 | Ossuary  | Reached skill level 5 in Armour
  3525 | Ossuary  | Reached XP level 7. HP: 51/61 MP: 6/6
  4113 | D:5      | Entered Level 5 of the Dungeon
  4165 | D:5      | Found a blossoming altar of Fedhas.
  4208 | D:5      | Reached skill level 5 in Axes
  4440 | D:5      | Reached skill level 6 in Fighting
  4583 | D:5      | Found a staircase to the Ecumenical Temple.
  4592 | Temple   | Entered the Ecumenical Temple
  4592 | Temple   | Found a transporter.
  4592 | Temple   | Found a transporter.
  4594 | Temple   | Found a transporter.
  4594 | Temple   | Found a transporter.
  4621 | Temple   | Became a worshipper of Warmaster Okawaru
  4805 | D:5      | Reached XP level 8. HP: 68/70 MP: 7/7
  4840 | D:5      | Noticed a gargoyle
  4856 | D:5      | Killed a gargoyle
  4856 | D:5      | Reached * piety under Okawaru
  4856 | D:5      | HP: 2/70 [centaur/arrow (9)]
  4861 | D:5      | Reached skill level 5 in Dodging
  5558 | D:6      | Reached skill level 7 in Fighting
  5657 | D:6      | Reached ** piety under Okawaru
  5679 | D:6      | Reached XP level 9. HP: 58/79 MP: 8/8
  5909 | D:6      | Found a runed translucent gate.
  5932 | D:6      | Found a snail-covered altar of Cheibriados.
  6350 | D:6      | Found a shimmering altar of Xom.
  6350 | D:6      | Found a burning altar of Makhleb.
  6420 | D:6      | Found a runed translucent gate.
  6526 | D:6      | Found a runed translucent gate.
  6528 | D:6      | Noticed peepos's ghost (novice MiBe)
  7768 | D:7      | Reached skill level 1 in Polearms
  7973 | D:8      | Reached skill level 8 in Fighting
  8046 | D:8      | Reached *** piety under Okawaru
  8047 | D:8      | Reached skill level 1 in Maces & Flails
  8418 | D:8      | Reached **** piety under Okawaru
  8493 | D:8      | Reached XP level 10. HP: 90/90 MP: 9/9
  8497 | D:8      | Found a staircase to the Lair.
  9169 | D:9      | Noticed a two-headed ogre
  9178 | D:9      | Killed a two-headed ogre
  9178 | D:9      | Reached ***** piety under Okawaru
  9624 | D:9      | Noticed a two-headed ogre
  9631 | D:9      | Killed a two-headed ogre
  9632 | D:9      | Reached skill level 9 in Fighting
  9915 | D:9      | Noticed Maurice
  9916 | D:9      | Found a runed translucent door.
  9916 | D:9      | Noticed Cecillian's ghost (journeyman FoHu)
  9931 | D:9      | Killed Maurice
 10272 | D:10     | Entered Level 10 of the Dungeon
 10282 | D:10     | Noticed a sixfirhy
 10285 | D:10     | Noticed a centaur warrior
 10467 | D:10     | Identified the +0 pair of gloves "Liazxy" {*Slow rF++ rCorr
                  | SInv} (Okawaru gifted it to you on level 10 of the Dungeon)
 10467 | D:10     | Received a gift from Okawaru
 10471 | D:10     | Killed a centaur warrior
 10472 | D:10     | Reached XP level 11. HP: 55/97 MP: 10/10
 10473 | D:10     | Reached skill level 5 in Polearms
 10535 | D:10     | Noticed Lodul
 10543 | D:10     | Killed Lodul
 10551 | D:10     | Reached skill level 5 in Maces & Flails
 11205 | D:10     | Identified the ring of Osuin {rPois rC- rN+ Int+4}
 11374 | D:10     | Found an ancient bone altar of Kikubaaqudgha.
 11556 | D:11     | Noticed a cyan ugly thing
 11568 | D:11     | Killed a cyan ugly thing
 11821 | D:11     | Noticed Erolcha
 11831 | D:11     | Killed Erolcha
 11888 | D:11     | Reached skill level 10 in Fighting
 11889 | D:11     | Found a portal to a secret trove of treasure.
 11911 | D:11     | Reached skill level 10 in Shields
 11930 | D:11     | Reached skill level 10 in Armour
 11930 | D:11     | Reached skill level 1 in Invocations
 11933 | D:11     | Identified the +1 pair of gloves "Cyuc" {Fly} (Okawaru
                  | gifted it to you on level 11 of the Dungeon)
 11933 | D:11     | Received a gift from Okawaru
 11934 | D:11     | Reached skill level 1 in Evocations
 11964 | D:11     | Identified the +8 long sword of Disembowelment {spect,
                  | Str+3 Dex+2}
 11991 | D:11     | Noticed a two-headed ogre
 12003 | D:11     | Killed a two-headed ogre
 12003 | D:11     | Reached ****** piety under Okawaru
 12388 | D:1      | Bought a runed plate armour for 806 gold pieces
 12523 | Lair:1   | Entered Level 1 of the Lair of Beasts
 12595 | Lair:1   | Noticed a four-headed hydra
 12608 | Lair:1   | Killed a four-headed hydra
 12682 | Lair:1   | Reached XP level 12. HP: 17/106 MP: 12/12
 13023 | Lair:1   | Noticed a four-headed hydra
 13045 | Lair:1   | Killed a four-headed hydra
 13046 | Lair:1   | Reached skill level 10 in Axes
 13509 | Lair:1   | Noticed a boulder beetle
 13538 | Lair:1   | Killed a boulder beetle
 13538 | Lair:1   | Received a gift from Okawaru
 13538 | Lair:1   | Found the +1 cloak of Starlight {*Dazzle EV+4 Stlth--}
 14791 | Lair:2   | Noticed a catoblepas
 14806 | Lair:2   | Killed a catoblepas
 14807 | Lair:2   | Reached skill level 11 in Fighting
 15028 | Lair:2   | Noticed a six-headed hydra
 15039 | Lair:2   | Killed a six-headed hydra
 15298 | Lair:2   | Noticed a seven-headed hydra
 15306 | Lair:2   | Killed a seven-headed hydra
 15315 | Lair:2   | Identified a scroll of acquirement
 15316 | Lair:2   | Acquired a manual of Fighting
 15450 | Lair:2   | Reached XP level 13. HP: 116/116 MP: 15/15
 15849 | Lair:2   | Found the +8 whip "Snakebite" {venom, curare, rPois}
 16180 | Lair:2   | Found a staircase to the Shoals.
 16901 | Lair:3   | Found a hole to the Spider Nest.
 17202 | Lair:4   | Noticed Rupert
 17202 | Lair:4   | Paralysed by Rupert for 2 turns
 17227 | Lair:4   | Killed Rupert
 17228 | Lair:4   | Reached skill level 12 in Fighting
 17228 | Lair:4   | Reached skill level 10 in Dodging
 17301 | Lair:4   | Got the Directory of Vile Filth
 17514 | Lair:4   | Received a gift from Okawaru
 17515 | Lair:4   | Reached skill level 5 in Invocations
 17607 | Lair:4   | Found a staircase to the Slime Pits.
 17936 | Lair:5   | Entered Level 5 of the Lair of Beasts
 17982 | Lair:5   | Identified the +2 flail of Sloth {holy, rCorr}
 18031 | Lair:5   | Reached skill level 5 in Evocations
 18326 | Lair:5   | Reached XP level 14. HP: 80/127 MP: 17/17
 18353 | Lair:5   | Reached skill level 13 in Fighting
 18555 | Lair:5   | Found a corrupted altar of Lugonu.
 18557 | Lair:5   | Found a one-way gate to the infinite horrors of the Abyss.
 19020 | Lair:5   | Identified the +0 hat of Iceac {rC+} (Okawaru gifted it to
                  | you on level 5 of the Lair of Beasts)
 19020 | Lair:5   | Received a gift from Okawaru
 19713 | Spider:1 | Entered Level 1 of the Spider Nest
 19744 | Spider:1 | Noticed a broodmother
 19761 | Spider:1 | Killed a broodmother
 20061 | Spider:1 | You are sucked into a shaft and drop 1 floor!
 20138 | Spider:2 | Noticed an emperor scorpion
 20164 | Spider:2 | Killed an emperor scorpion
 20500 | Spider:1 | Killed a ghost moth
 20629 | Spider:1 | Reached skill level 10 in Maces & Flails
 20750 | Spider:1 | Reached skill level 14 in Fighting
 20910 | Spider:1 | Identified the +0 cloak of Wunotz {rC+ Regen+ Str-2}
                  | (Okawaru gifted it to you on level 1 of the Spider Nest)
 20910 | Spider:1 | Received a gift from Okawaru
 22143 | Spider:3 | Reached XP level 15. HP: 122/139 MP: 19/19
 23417 | Spider:4 | Entered Level 4 of the Spider Nest
 23640 | Spider:4 | Received a gift from Okawaru
 23662 | Spider:4 | Reached skill level 15 in Fighting
 24354 | Spider:4 | Noticed an emperor scorpion
 24377 | Spider:4 | Killed an emperor scorpion
 24960 | Spider:4 | Identified the +5 broad axe "Jelly's Death" {drain, +Blink
                  | rC+ Dex+4} (Okawaru gifted it to you on level 4 of the
                  | Spider Nest)
 24960 | Spider:4 | Received a gift from Okawaru
 24979 | Spider:4 | Got a gossamer rune of Zot
 25531 | D:6      | Killed peepos's ghost
 25620 | D:9      | Killed Cecillian's ghost
 26234 | D:12     | Reached XP level 16. HP: 146/151 MP: 21/21
 26262 | D:12     | Found a staircase to the Orcish Mines.
 26322 | D:12     | Reached skill level 16 in Fighting
 26375 | D:12     | Identified the +8 quarterstaff "Etonix" {vorpal, Stlth+}
 27002 | D:13     | Identified the +2 pair of boots of the Breadfruit {Will+}
                  | (Okawaru gifted it to you on level 13 of the Dungeon)
 27002 | D:13     | Received a gift from Okawaru
 27109 | D:13     | Found a transporter.
 27132 | D:13     | Noticed Tuopn's ghost (journeyman OpFE)
 27139 | D:13     | Found a transporter.
 27146 | D:13     | Found a bloodstained altar of Trog.
 27640 | D:14     | Found a shimmering altar of Xom.
 27640 | D:14     | Found a shimmering altar of Xom.
 27640 | D:14     | Found a shimmering altar of Xom.
 27640 | D:14     | Found a shimmering altar of Xom.
 27641 | D:14     | Found a shimmering altar of Xom.
 27752 | D:14     | You are sucked into a shaft and drop 1 floor!
 27752 | D:15     | Entered Level 15 of the Dungeon
 28216 | D:15     | Found Jamuepach's General Store.
 28644 | D:15     | Found a staircase to the Depths.
 28725 | D:15     | Found Ychayga's Jewellery Emporium.
 29076 | D:14     | Noticed Agnes
 29082 | D:14     | Killed Agnes
 29315 | D:14     | Found a glowing golden altar of the Shining One.
 29374 | D:14     | Found a shimmering altar of Xom.
 29390 | D:14     | Found a gate to the Vaults.
 29429 | D:14     | Identified the +3 plate armour of the Land of Plenty
                  | {+Blink} (Okawaru gifted it to you on level 14 of the
                  | Dungeon)
 29429 | D:14     | Received a gift from Okawaru
 29437 | D:14     | Reached skill level 17 in Fighting
 29440 | Vaults:1 | Entered Level 1 of the Vaults
 29440 | Vaults:1 | Found Etorr's General Store.
 29888 | Orc:1    | Entered Level 1 of the Orcish Mines
 30091 | Orc:1    | Found Vustrim's Jewellery Boutique.
 30244 | Orc:1    | Found a shimmering blue altar of Sif Muna.
 30350 | Orc:2    | Entered Level 2 of the Orcish Mines
 30435 | Orc:2    | Noticed Saint Roka
 30446 | Orc:2    | Gained mutation: You are clumsy. (Dex -2) [a neqoxec]
 30467 | Orc:2    | Killed Saint Roka
 30873 | Orc:2    | Found a staircase to the Elven Halls.
 31503 | Orc:2    | Found Antowu Tewni's Magic Scroll Emporium.
 31507 | Orc:2    | Found Luakyfoj's Magic Scroll Shoppe.
 31883 | Orc:2    | Reached XP level 17. HP: 127/153 MP: 22/22
 32162 | Orc:2    | Found Evudut's Antique Weapon Boutique.
 32162 | Orc:2    | Found Nyokk's Book Shop.
 32162 | Orc:2    | Found a one-way gate leading to the halls of Pandemonium.
 32205 | Orc:2    | Bought a scroll of enchant weapon for 90 gold pieces
 32205 | Orc:2    | Bought a scroll of brand weapon for 114 gold pieces
 32207 | Orc:2    | Bought a scroll of enchant armour for 82 gold pieces
 32379 | Orc:2    | Lost mutation: You are clumsy. (Dex -2) [potion of
                  | mutation]
 32379 | Orc:2    | Gained mutation: Your flesh is cold resistant. (rC+)
                  | [potion of mutation]
 32379 | Orc:2    | Gained mutation: Your magical capacity is low. (-10% MP)
                  | [potion of mutation]
 32379 | Orc:2    | Gained mutation: Your magical capacity is very low. (-20%
                  | MP) [potion of mutation]
 32549 | Shoals:1 | Entered Level 1 of the Shoals
 32561 | Shoals:1 | Received a gift from Okawaru
 33984 | Shoals:2 | Identified the +4 demon whip "Vamet" {drain, rPois}
                  | (Okawaru gifted it to you on level 2 of the Shoals)
 33984 | Shoals:2 | Received a gift from Okawaru
 34225 | Shoals:2 | Reached skill level 15 in Shields
 34233 | Shoals:2 | Reached skill level 15 in Armour
 34259 | Shoals:2 | Reached skill level 18 in Fighting
 34458 | Shoals:2 | Noticed Aizul
 34472 | Shoals:2 | Killed Aizul
 34883 | Shoals:2 | Noticed a kraken
 34899 | Shoals:2 | Killed a kraken
 35318 | Shoals:3 | Identified the +0 leather armour "Lirgh" {Stlth+}
 35397 | Shoals:3 | Reached skill level 15 in Axes
 35423 | Shoals:3 | Reached skill level 10 in Invocations
 35453 | Shoals:3 | Identified Roxanne's Discourse on the Boulder
 35453 | Shoals:3 | Noticed Roxanne
 35458 | Shoals:3 | Acquired a manual of Fighting
 35476 | Shoals:3 | Killed Roxanne
 35682 | Shoals:3 | Found a runed translucent door.
 35687 | Shoals:3 | Noticed Foghituj's ghost (adept TrMo)
 35883 | Shoals:3 | Killed Foghituj's ghost
 36002 | Shoals:4 | Entered Level 4 of the Shoals
 36150 | Shoals:4 | Noticed Ilsuiw
 36196 | Shoals:4 | Got a barnacled rune of Zot
 36442 | Shoals:4 | Received a gift from Okawaru
 36505 | Shoals:4 | Identified the +4 falchion of Amorality {freeze, rElec}
 36539 | Shoals:4 | Reached XP level 18. HP: 51/173 MP: 19/19
 37068 | Shoals:4 | Killed Ilsuiw
 37693 | Elf:1    | Entered Level 1 of the Elven Halls
 37772 | Elf:1    | Reached skill level 19 in Fighting
 37797 | Elf:1    | Reached skill level 10 in Evocations
 38262 | Elf:1    | You are sucked into a shaft and drop 1 floor!
 38327 | Elf:2    | Received a gift from Okawaru
 38343 | Elf:2    | Found a runed translucent gate.
 38343 | Elf:2    | Found a runed translucent gate.
 38344 | Elf:2    | Found a runed translucent gate.
 38363 | Elf:2    | Noticed Asterion
 38373 | Elf:2    | Killed Asterion
 38377 | Elf:2    | Found Kokhip's Gadget Gallery.
 38440 | Elf:2    | Found a frozen archway.
 38474 | IceCv    | Entered an ice cave
 38922 | IceCv    | Got the Directory of the Glacier
 39082 | Elf:2    | Identified the +5 shortbow of the Spider Nest {vorpal,
                  | rElec rF+ Will+}
 39187 | Elf:2    | Got the Volume of Incandescence
 39293 | Elf:2    | Found Zeheq's Magic Scroll Shoppe.
 39309 | Elf:2    | Bought a scroll of acquirement for 884 gold pieces
 39309 | Elf:2    | Acquired 660 gold pieces
 39591 | Elf:2    | Got the Parchment of Putrescence
 40016 | Elf:2    | Got the Cyclopedia of the Blizzard
 40092 | Elf:2    | Got the Essays on Transmogrification
 40424 | Elf:2    | Reached XP level 19. HP: 166/180 MP: 20/20
 40579 | Elf:2    | Received a gift from Okawaru
 40580 | Elf:2    | Reached skill level 20 in Fighting
 40757 | Elf:3    | Entered Level 3 of the Elven Halls
 40774 | Elf:3    | Found a flickering gateway to a bazaar.
 40786 | Bazaar   | Entered a bazaar
 40805 | Bazaar   | Found Mualyo's Armour Shop.
 40824 | Bazaar   | Found Uzogruoc's Book Boutique.
 40824 | Bazaar   | Found Hieriluu's Book Shop.
 40851 | Bazaar   | Found Qodip's Jewellery Shop.
 41771 | Elf:3    | Noticed a Brimstone Fiend
 41790 | Elf:3    | Noticed a Tzitzimitl
 41791 | Elf:3    | Noticed a Tzitzimitl
 41793 | Elf:3    | Noticed a Brimstone Fiend
 41797 | Elf:3    | Noticed a Tzitzimitl
 41800 | Elf:3    | Noticed a Brimstone Fiend
 42159 | Elf:3    | Found Huqo's Book Shop.
 42160 | Elf:3    | Found Alibun's Jewellery Emporium.
 42161 | Elf:3    | Found Nopruveh's Book Shop.
 42577 | Elf:3    | Identified the +7 plate armour of the Hurricane {Harm rN+
                  | Str+3 Int-3}
 42722 | Elf:3    | Reached skill level 1 in Short Blades
 43185 | Vaults:1 | Reached skill level 1 in Long Blades
 43185 | Vaults:1 | Reached skill level 15 in Dodging
 43497 | Vaults:1 | Reached skill level 15 in Maces & Flails
 43629 | Vaults:1 | Received a gift from Okawaru
 43829 | Vaults:1 | Killed from afar by an ironbound thunderhulk

Illustrated notes

Levels and vault maps discovered:
D:1:      minmay_arrival_arboretum_small, layout_basic, serial_shops,
          nicolae_diamond_shop
D:2:      layout_loops_ring, ebering_ecumenical_altar_hall, serial_bayou_pond_c,
          minmay_pentomino_pile, uniq_jessica, uniq_robin
D:3:      layout_rooms, nicolae_ashenzari_panopticon
D:4:      layout_basic, grunt_temple_overflow_open, nicolae_ossuary_entry_giza
D:5:      cheibrodos_barr_body, layout_cave_pools, fedhas_ov_isle_minmay,
          minmay_temple_entry_grid, serial_bayou_pond_b
D:6:      layout_layer_cave, grunt_temple_overflow_champion_of_chaos,
          kennysheep_slug_shrine, gammafunk_ghost_necromancy,
          minmay_misc_feat_hallway, kb_lookout_dungeons_type
D:7:      layout_basic
D:8:      layout_cave_pods, minmay_lair_entry_grove
D:9:      layout_rooms, gammafunk_ghost_grave, roderic_lattice_a,
          hangedman_decor_diamond_cutter, kennysheep_generic_room_4,
          uniq_maurice
D:10:     layout_cave_pools, kiku_gazebo_garden_becter, uniq_lodul
D:11:     layout_loops_ring, nicolae_trove_entry_free_sample,
          minmay_misc_feat_secret_circle, uniq_erolcha
D:12:     layout_basic, kennysheep_orc_monster_closet_entryway
D:13:     layout_cave_pods, gammafunk_ghost_wrathful_warriors
D:14:     layout_loops_ring, erik_vaults_2, tso_altar, xom_shifter_show,
          uniq_agnes
D:15:     grunt_enter_depths_hoard, layout_irregular_city, serial_undead,
          serial_undead_c, serial_undead_f, serial_undead_e, serial_undead_b,
          serial_shops, nicolae_shop_trees, shop
Temple:   hellmonk_temple_divided_pantheon
Lair:1:   lemuel_ratsnest, layout_loops_ring, chequers_serial_rivers_micro_d,
          grunt_megastairs_2
Lair:2:   minmay_guarded_unrand_snakebite, layout_layer_cave,
          minmay_shoals_entry_hut, fungi_pond_lemuel, lemuel_fruit_tree,
          grunt_megastairs_4
Lair:3:   layout_gridlike, spider_nest_entry_web_field, st_stairs_11,
          kennysheep_rathole
Lair:4:   layout_cellular_growth, nicolae_slime_entry_slimehenge, uniq_rupert
Lair:5:   hellmonk_lair_end_abyssal_woods, layout_cave_pods,
          chequers_serial_rivers_small_a, grunt_megastairs_5
Shoals:1: layout_shoals, st_sunken_huts
Shoals:2: layout_shoals, uniq_aizul
Shoals:3: layout_shoals, ebering_ghost_reflecting_pool, uniq_roxanne
Shoals:4: shoals_end_grunt_garden, layout_shoals, shoals_ilsuiw_ice
Spider:1: layout_spider_delve, hangedman_spider_tarantella_strand
Spider:2: layout_spider_delve
Spider:3: layout_chambers
Spider:4: hellmonk_spider_rune_endless_swarm
Orc:1:    layout_caves, serial_shops, nicolae_square_shop, basic_altar,
          kennysheep_orc_sif_temple
Orc:2:    pf_orc_diabolical, layout_caves, uniq_saint_roka
Elf:1:    eino_elf_arrival_sip, layout_gridlike, basic_altar, minivault_28,
          hangedman_decor_cross_pass
Elf:2:    elven_hall_of_blades_hangedman_original
          [nicolae_blade_entry_sentries_behind_glass], layout_loops_cross,
          portal_ice_cave_entry_ugly_swarm, serial_hangedman_research,
          hangedman_research_metamorphosis, hangedman_research_pyrotechnics,
          hangedman_research_toxicology, hangedman_research_thermodynamics,
          serial_shops, nicolae_shop_window_shopping, nicolae_shop_gadgets,
          uniq_asterion
Elf:3:    elf_hall, layout_loops_cross, serial_shops, bzr_entry_customers,
          minmay_shop_grove
Vaults:1: v_rooms_3, nicolae_vaults_circle_grid_b, ontoclasm_vaults_gateway,
          vaults_room_door_hall, v_misc_13, nicolae_vaults_mini_display_case,
          ontoclasm_vaults_shuriken, ontoclasm_vaults_chip,
          layout_vaults_quadrants, serial_shops, shop_statue

Skill      XL: |  1  2  3  4  5  6  7  8  9 10 11 12 13 14 15 16 17 18 19 |
---------------+----------------------------------------------------------+-----
Dodging        | 1 2 3 4 5 6 7 8 9 10 11 12 13 14 15 | 15.1
Fighting       | 4 5 6 7 8 9 10 11 12 14 15 17 18 19 20 | 20.7
Shields        | 4 5 6 7 8 9 10 11 12 13 14 15 16 | 16.8
Armour         | 4 5 6 7 8 9 10 11 12 13 14 15 16 | 16.7
Axes           | 3 4 5 6 7 9 10 11 12 13 14 15 | 15.5
Polearms       | 2 4 6 |  6.7
Maces & Flails | 2 4 6 7 9 10 11 12 13 14 15 | 15.1
Invocations    | 2 4 5 7 8 9 10 11 | 11.7
Evocations     | 1 3 5 6 7 8 9 10 11 | 11.0
Short Blades   | 3 |  3.0
Long Blades    | 2 |  2.6

Action                   |  1- 3 |  4- 6 |  7- 9 | 10-12 | 13-15 | 16-18 | 19-21 || total
-------------------------+-------+-------+-------+-------+-------+-------+-------++-------
Melee: War axe           |    66 |   148 |   194 |   244 |   450 |       |       ||  1102
       Headbutt          |    10 |    23 |    45 |   107 |   376 |   411 |    95 ||  1067
       Spear             |       |       |    41 |       |       |       |       ||    41
       Morningstar       |       |       |       |   238 |    78 |    14 |       ||   330
       Whip              |       |       |       |       |   691 |       |       ||   691
       Flail             |       |       |       |       |     5 |       |       ||     5
       Broad axe         |       |       |       |       |    53 |  1415 |   341 ||  1809
Invok: Heroism           |       |       |       |     4 |     4 |     4 |     1 ||    13
       Finesse           |       |       |       |       |     1 |       |       ||     1
Evoke: Wand              |       |       |       |       |       |     1 |       ||     1
       Lightning rod     |       |       |       |       |       |       |     4 ||     4
  Use: Scroll            |       |     2 |    22 |     5 |     8 |    17 |     5 ||    59
       Potion            |       |       |       |     1 |    11 |     9 |     2 ||    23
 Stab: Invisible         |       |       |       |     3 |    40 |    22 |     3 ||    68
       Distracted        |       |       |       |       |       |     1 |       ||     1
Armor: Scale mail        |    42 |    41 |    22 |       |       |       |       ||   105
       Chain mail        |       |       |    48 |   107 |       |       |       ||   155
       Plate armour      |       |       |       |    39 |   620 |   351 |   119 ||  1129
       Ice dragon scales |       |       |       |       |       |    23 |       ||    23
Dodge: Dodged            |    61 |   104 |   149 |   317 |   793 |   665 |   151 ||  2240
Block: Buckler           |     8 |    21 |    76 |   130 |   347 |   164 |       ||   746
       Reflection        |       |       |       |       |     1 |   120 |    25 ||   146
       Tower shield      |       |       |       |       |       |  1332 |   401 ||  1733

Table legend: (Time is in decaauts)
 A = Elapsed time spent in this place.
 B = Non-inter-level travel time spent in this place.
 C = Inter-level travel time spent in this place.
 D = Time resting spent in this place.
 E = Time spent auto-exploring this place.
 F = Levels seen in this place.
 G = Mean time per level.
                   A        B        C        D        E       F      G
               +--------+--------+--------+--------+--------+-----+--------+
         Total |  43405 |  41081 |   2324 |   9119 |  21192 |  38 | 1142.2 |
       Dungeon |  16880 |  15590 |   1290 |   2937 |   9584 |  15 | 1125.3 |
        Temple |     47 |     47 |      0 |      0 |      6 |   1 |   47.0 |
          Lair |   7291 |   6954 |    337 |   1736 |   3449 |   5 | 1458.2 |
        Shoals |   4942 |   4821 |    121 |    707 |   2741 |   4 | 1235.5 |
   Spider Nest |   5306 |   5100 |    206 |    948 |   2545 |   4 | 1326.5 |
  Orcish Mines |   2710 |   2490 |    220 |    823 |    998 |   2 | 1355.0 |
   Elven Halls |   4521 |   4373 |    148 |   1437 |   1480 |   3 | 1507.0 |
        Vaults |    648 |    648 |      0 |    156 |    111 |   1 |  648.0 |
        Bazaar |     92 |     92 |      0 |      0 |     68 |   1 |   92.0 |
       Ossuary |    396 |    396 |      0 |      0 |    210 |   1 |  396.0 |
      Ice Cave |    568 |    568 |      0 |    375 |      0 |   1 |  568.0 |
               +--------+--------+--------+--------+--------+-----+--------+

Top non-repeatable levels by time:
  Lair:1: 2295 daAuts
   Orc:2: 2201 daAuts
   Elf:3: 2107 daAuts
     D:6: 1947 daAuts
   Elf:2: 1924 daAuts
  Lair:2: 1714 daAuts
  Lair:5: 1698 daAuts
Spider:3: 1574 daAuts
Shoals:4: 1457 daAuts
Shoals:1: 1441 daAuts
     D:9: 1408 daAuts
     D:8: 1375 daAuts
Spider:1: 1356 daAuts
     D:1: 1340 daAuts
Spider:4: 1333 daAuts
